 Dungeon Crawl Stone Soup version 0.19-a0-1855-gb7442ac (webtiles) character file.

24238 sveltemanboy the Carver (level 12, -4/92 HPs)
             Began as a Demonspawn Artificer on Oct 4, 2016.
             Was a High Priest of Trog.
             Slain by an ogre mage
             ... wielding a cursed -2 flail
              (14 damage)
             ... on level 2 of the Orcish Mines on Oct 11, 2016.
             The game lasted 00:40:49 (14536 turns).

sveltemanboy the Carver (Demonspawn Artificer)     Turns: 14536, Time: 00:40:50

Health: -4/92      AC: 14    Str: 16    XL:     12   Next: 78%
Magic:  6/6        EV: 15    Int: 13    God:    Trog [*****.]
Gold:   1075       SH:  0    Dex: 19    Spells: 0 memorised, 11 levels left

rFire  . . .     SeeInvis .     q - +2 great sword (antimagic)
rCold  + . .     Gourm    .     s - +3 leather armour of the Wasteland {*Contam rPois Dex+4}
rNeg   . . .     Faith    .     (shield currently unavailable)
rPois  +         Spirit   .     (helmet restricted)
rElec  .         Dismiss  +     i - +1 cloak
rCorr  .         Reflect  .     l - +1 pair of gloves
MR     .....     Harm     .     M - +0 pair of boots
Stlth  ++........               c - amulet of dismissal
                                v - ring of protection from fire
                                u - ring of ice

@: exhausted, slowed, very slow
A: horns 2, rugged brown scales 2, powered by death 2
a: Berserk, Trog's Hand, Brothers in Arms, Burn Spellbooks, Renounce Religion


You were on level 2 of the Orcish Mines.
You worshipped Trog.
Trog was extremely pleased with you.
You were hungry.

You visited 2 branches of the dungeon, and saw 14 of its levels.

You collected 1155 gold pieces.
You spent 80 gold pieces at shops.

Inventory:

Hand Weapons
 q - a +2 antimagic great sword (weapon)
Armour
 i - a +1 cloak (worn)
 l - a +1 pair of gloves (worn)
 s - the +3 leather armour of the Wasteland (worn) {*Contam rPois Dex+4}
   (You found it on level 4 of the Dungeon)

   It affects your dexterity (+4).
   It protects you from poison.
   It causes magical contamination when unequipped.
 M - a +0 pair of boots (worn)
Jewellery
 c - an amulet of dismissal (around neck)
 u - a ring of ice (left hand)
 v - a ring of protection from fire (right hand)
 y - an uncursed ring of fire
Wands
 d - a wand of enslavement (24/24)
 x - a wand of iceblast (4/15)
 A - a wand of polymorph (9/24)
 C - a wand of iceblast (5/15)
 H - a wand of confusion (17/48)
 O - a wand of flame (14/48)
 S - a wand of polymorph (15/24)
Scrolls
 e - 3 scrolls of remove curse
 m - 2 scrolls of magic mapping
 o - a scroll of summoning {unknown}
 r - 3 scrolls of identify
 t - 3 scrolls of recharging
 B - 4 scrolls of teleportation
 D - 3 scrolls of brand weapon
 E - 2 scrolls of fear
 F - a scroll of acquirement {unknown}
 I - a scroll of enchant armour
 Q - a scroll of blinking
Potions
 a - a potion of mutation {unknown}
 g - 2 potions of agility
 h - 8 potions of curing
 j - 5 potions of flight
 k - a potion of heal wounds
 p - 3 potions of brilliance
 z - 2 potions of might {unknown}
 G - a potion of cancellation
 J - a potion of ambrosia
Books
 w - a Young Poisoner's Handbook

   Spells                             Type                      Level
   a - Sting                          Conjuration/Poison           1
   b - Mephitic Cloud                 Conjuration/Poison/Air       3
   c - Olgreb's Toxic Radiance        Poison                       4
   d - Alistair's Intoxication        Transmutation/Poison         5
   e - Venom Bolt                     Conjuration/Poison           5
   Trog disapproves of the use of such an item.
 R - a book of Callings

   Spells                             Type                      Level
   a - Summon Small Mammal            Summoning                    1
   b - Call Imp                       Summoning                    2
   c - Call Canine Familiar           Summoning                    3
   d - Summon Guardian Golem          Hexes/Summoning              3
   e - Summon Lightning Spire         Summoning/Air                4
   f - Summon Ice Beast               Ice/Summoning                4
   Trog disapproves of the use of such an item.
Comestibles
 b - a beef jerky
 f - 17 bread rations
 n - 7 meat rations
 K - 5 chunks of flesh
 N - a royal jelly


   Skills:
 - Level 6.2 Fighting
   Level 0.8(9.9) Short Blades
 * Level 14.8 Long Blades
 + Level 5.3 Armour
 + Level 5.1 Dodging
 - Level 0.8 Stealth
 - Level 10.0 Evocations


You had 11 spell levels left.
You didn't know any spells.

Dungeon Overview and Level Annotations

Branches:
Dungeon (12/15)            Temple (0/1) D:5            Lair (0/6) D:10
    Orc (2/2) D:9
    Elf: Orc:2

Altars:
Ashenzari
Elyvilon
Fedhas
Gozag
Hepliaklqana
Makhleb
Nemelex Xobeh
Okawaru
Ru
Sif Muna
Trog
Vehumet
Xom
The Shining One

Shops:
D:5 (   D:10 ?   D:11 [   Orc:1 [


Innate Abilities, Weirdness & Mutations

You have a pair of horns on your head.
You are mostly covered in rugged brown scales. (AC +2, +5% HP)
You regenerate health from kills.


Message History

The ogre hits you with a giant spiked club!!
The orc hits you but does no damage.
The orc wizard hits you but does no damage.
The ogre hits you with a giant spiked club.
The ogre mage casts a spell.
The ogre mage seems to speed up.
The ogre hits you with a giant club!
* * * LOW HITPOINT WARNING * * *
The ogre hits you with a giant club!
* * * LOW HITPOINT WARNING * * *
You can move again.
You barely miss the ogre. The ogre mage hits you with a flail.
* * * LOW HITPOINT WARNING * * *
The ogre misses you.
You riposte.
You hit the ogre. You headbutt the ogre.
The ogre is moderately wounded.
The orc hits you but does no damage. The orc wizard casts a spell at you.
The magic dart hits you!
* * * LOW HITPOINT WARNING * * *
The ogre barely misses you. The ogre mage hits you with a flail!
You die...

.. ........### .
..... .......#.#..
...#.##...........
..................
......#...........
##...$............
#.........<.......
......oO).........
#....OO@O.........
#.....OoO........#
.......C..#......#
o........####...##
.........# ..##
.....#.... .$#
......#... #
.#.....#...


You could see an ogre mage, a cyclops, an orc warrior (wandering), 5 ogres, an
orc wizard and an orc.

Vanquished Creatures
  Erica (D:8)
  The ghost of ElanMorin the Spear-Bearer, a journeyman HuFi of Hepliaklqana (D:10)
  A tengu warrior (D:11)
  An orc high priest (Orc:2)
  An unseen horror (D:12)
  8 hill giants
  An orc knight (Orc:1)
  An ugly thing (D:11)
  An orc sorcerer (Orc:1)
  A manticore (D:12)
  Maurice (Orc:1)
  3 centaur skeletons
  The ghost of ThereIsNoGod the Cleaver, a novice MiGl (D:5)
  A gargoyle (D:11)
  Joseph (D:7)
  A yaktaur (D:11)
  3 trolls
  A hornet (D:11)
  2 polar bears (D:10)
  3 hippogriffs
  A centaur simulacrum (D:10)
  A spriggan (D:7)
  A spriggan (shapeshifter) (D:11)
  15 yaks
  6 wyverns
  A hungry ghost (D:11)
  A steam dragon (D:7)
  4 vampire mosquitoes (D:12)
  A warg (Orc:2)
  10 orc warriors
  4 eyes of draining
  5 ice beasts
  6 ogres
  4 phantoms
  A sky beast (D:10)
  A wolf (D:10)
  4 centaurs
  3 crocodiles
  Blork the orc (D:6)
  2 big kobolds
  6 bullfrogs
  A gnoll sergeant (D:9)
  6 scorpions
  A water moccasin skeleton (D:11)
  A hornet simulacrum (D:10)
  7 killer bees (D:11)
  6 wights (D:12)
  6 howler monkeys
  4 centaur zombies
  A quasit (D:11)
  3 jellies
  A bullfrog skeleton (D:5)
  10 crimson imps
  5 hounds
  13 orc wizards
  10 orc priests
  4 iguanas
  10 worker ants
  A hound zombie (D:6)
  2 hound skeletons
  2 worker ant zombies
  12 gnolls
  12 adders
  2 river rats (D:10)
  3 shadow imps
  3 white imps (D:10)
  A worker ant simulacrum (D:10)
  An ufetubus (D:10)
  An adder zombie (D:7)
  A worm (D:2)
  3 dart slugs
  7 leopard geckos
  42 orcs
  5 ball pythons
  14 bats
  7 giant cockroaches
  12 goblins
  5 hobgoblins
  19 jackals
  5 quokkas
  A ball python skeleton (D:4)
  4 frilled lizards
  7 kobolds
  A leopard gecko zombie (D:5)
  A quokka skeleton (D:7)
  A quokka zombie (D:10)
  15 rats
  A plant (D:3)
392 creatures vanquished.

Vanquished Creatures (collateral kills)
  A gnoll (D:4)
1 creature vanquished.

Vanquished Creatures (others)
  A sky beast (D:7)
  A bullfrog (D:10)
  A gnoll (D:4)
  A river rat (D:10)
  A white imp (D:10)
  17 fungi (D:10)
  17 plants (D:10)
39 creatures vanquished.

Grand Total: 432 creatures vanquished

Notes
Turn   | Place    | Note
-------+----------+-------------------------------------------
     0 | D:1      | sveltemanboy the Demonspawn Artificer began the quest for the Orb.
     0 | D:1      | Reached XP level 1. HP: 15/15 MP: 3/3
    66 | D:1      | Reached skill level 1 in Armour
   188 | D:1      | Gained mutation: You are partially covered in rugged brown scales. (AC +1, +3% HP) [demonic ancestry]
   188 | D:1      | Reached XP level 2. HP: 15/21 MP: 4/4
   707 | D:1      | Gained mutation: You have a pair of small horns on your head. [demonic ancestry]
   707 | D:1      | Reached XP level 3. HP: 27/27 MP: 5/5
  1590 | D:2      | Found a shattered altar of Ashenzari.
  1590 | D:2      | Found a bloodstained altar of Trog.
  1658 | D:2      | Became a worshipper of Trog the Wrathful
  1724 | D:2      | Reached XP level 4. HP: 26/33 MP: 6/6
  2290 | D:3      | Noticed a centaur
  2303 | D:3      | Killed a centaur
  2303 | D:3      | Reached skill level 1 in Long Blades
  2303 | D:3      | Gained mutation: You are mostly covered in rugged brown scales. (AC +2, +5% HP) [demonic ancestry]
  2303 | D:3      | Reached XP level 5. HP: 29/42 MP: 7/7
  2643 | D:4      | Noticed an ogre
  2653 | D:4      | Killed an ogre
  2653 | D:4      | Reached skill level 2 in Long Blades
  2653 | D:4      | Reached XP level 6. HP: 49/49 MP: 8/8
  2804 | D:4      | Reached * piety under Trog
  2813 | D:4      | Got a polished leather armour
  2824 | D:4      | Identified the +3 leather armour of the Wasteland {*Contam rPois Dex+4} (You found it on level 4 of the Dungeon)
  2875 | D:4      | Reached skill level 3 in Long Blades
  3052 | D:4      | Reached XP level 7. HP: 55/55 MP: 9/9
  3155 | D:4      | Reached skill level 4 in Long Blades
  3275 | D:4      | Found a radiant altar of Vehumet.
  3276 | D:4      | Found a deep blue altar of Sif Muna.
  3276 | D:4      | Found a white marble altar of Elyvilon.
  3277 | D:4      | Found a blossoming altar of Fedhas.
  3277 | D:4      | Found a hazy altar of Hepliaklqana.
  3432 | D:5      | Entered Level 5 of the Dungeon
  3628 | D:5      | Reached skill level 5 in Long Blades
  3641 | D:5      | Found Cahac's Antique Weapon Shoppe.
  3648 | D:5      | Bought a runed long sword for 80 gold pieces
  3669 | D:5      | Found a sacrificial altar of Ru.
  3699 | D:5      | Found a staircase to the Ecumenical Temple.
  3782 | D:5      | Found an opulent altar of Gozag.
  3920 | D:5      | Noticed ThereIsNoGod's ghost (novice MiGl)
  3936 | D:5      | Killed ThereIsNoGod's ghost
  3936 | D:5      | Reached skill level 5 in Fighting
  3936 | D:5      | Reached skill level 6 in Long Blades
  3936 | D:5      | Reached XP level 8. HP: 66/66 MP: 10/10
  4055 | D:5      | Found a burning altar of Makhleb.
  4274 | D:5      | Reached ** piety under Trog
  4778 | D:6      | Found an iron altar of Okawaru.
  4878 | D:6      | Reached skill level 7 in Long Blades
  5169 | D:6      | Gained mutation: You have a pair of horns on your head. [demonic ancestry]
  5169 | D:6      | Reached XP level 9. HP: 69/72 MP: 11/11
  5188 | D:6      | Reached skill level 8 in Long Blades
  5345 | D:6      | Noticed Blork the orc
  5359 | D:6      | Killed Blork the orc
  5863 | D:7      | Reached *** piety under Trog
  5948 | D:7      | Found a shattered altar of Ashenzari.
  5975 | D:7      | Noticed Joseph
  5985 | D:7      | Killed Joseph
  5985 | D:7      | Reached skill level 9 in Long Blades
  5985 | D:7      | Reached skill level 5 in Evocations
  6888 | D:8      | Found a sparkling altar of Nemelex Xobeh.
  6987 | D:8      | Noticed Erica
  7004 | D:8      | Killed Erica
  7004 | D:8      | Reached skill level 10 in Long Blades
  7004 | D:8      | Gained mutation: You regenerate a little health from kills. [demonic ancestry]
  7004 | D:8      | Reached XP level 10. HP: 23/79 MP: 14/14
  7188 | D:8      | Found a glowing golden altar of the Shining One.
  7944 | D:9      | Found a staircase to the Orcish Mines.
  8515 | D:9      | Found a shimmering altar of Xom.
  8531 | D:10     | Entered Level 10 of the Dungeon
  8555 | D:10     | Reached **** piety under Trog
  8590 | D:10     | Reached skill level 11 in Long Blades
  8956 | D:10     | Noticed a hill giant
  8963 | D:10     | Killed a hill giant
  8979 | D:10     | Found Sach's Magic Scroll Shop.
  9071 | D:10     | Noticed ElanMorin's ghost (journeyman HuFi)
  9087 | D:10     | Killed ElanMorin's ghost
  9087 | D:10     | Reached XP level 11. HP: 66/85 MP: 17/17
  9101 | D:10     | Reached skill level 12 in Long Blades
  9216 | D:10     | Reached ***** piety under Trog
  9236 | D:10     | Found a staircase to the Lair.
  9411 | D:10     | Noticed a hill giant
  9424 | D:10     | Killed a hill giant
  9901 | D:11     | Noticed a tengu warrior
  9916 | D:11     | Killed a tengu warrior
 10012 | D:11     | Reached skill level 13 in Long Blades
 10033 | D:11     | Found Muil's Antique Armour Boutique.
 10106 | D:11     | Noticed a hill giant
 10115 | D:11     | Killed a hill giant
 10212 | D:11     | Noticed a hill giant
 10225 | D:11     | Killed a hill giant
 10727 | D:11     | Noticed a cyan ugly thing
 11006 | D:11     | Noticed a hill giant
 11354 | D:11     | Killed a hill giant
 11354 | D:11     | Reached skill level 10 in Evocations
 11373 | D:11     | Received a gift from Trog
 11373 | D:11     | Gained mutation: You regenerate health from kills. [demonic ancestry]
 11373 | D:11     | Reached XP level 12. HP: 52/91 MP: 19/19
 12278 | D:11     | Upgraded the game from 0.19-a0-1792-g28b16ba to 0.19-a0-1855-gb7442ac
 12348 | D:12     | Reached skill level 14 in Long Blades
 13842 | Orc:1    | Entered Level 1 of the Orcish Mines
 13842 | Orc:1    | Found Mas Rumu's Armour Boutique.
 13930 | Orc:1    | Noticed Maurice
 13944 | Orc:1    | Killed Maurice
 14118 | Orc:1    | Reached skill level 5 in Armour
 14118 | Orc:1    | Reached skill level 5 in Dodging
 14521 | Orc:2    | Entered Level 2 of the Orcish Mines
 14521 | Orc:2    | Noticed an orc high priest
 14528 | Orc:2    | Noticed an ogre mage
 14528 | Orc:2    | Killed an orc high priest
 14530 | Orc:2    | Received a gift from Trog
 14533 | Orc:2    | Paralysed by an ogre mage for 3 turns
 14536 | Orc:2    | Slain by an ogre mage

Vault maps used:
D:1:      dpeg_arrival_court, grunt_decor_one_mirror, minmay_pentomino_x2
D:2:      gammafunk_temple_overflow_statue
D:3:      serial_bayou, serial_bayou_shore_a, serial_bayou_pond_c,
          serial_bayou_pond_e, serial_bayou_pond_b, first_bread
D:4:      grunt_temple_overflow_open
D:5:      marbit_many_paths, lemuel_coloured_pillars_altar, serial_shops,
          shop_fountains, moated_statue, nicolae_ru_great_annihilating_truth
D:6:      lemuel_doored_altar, minivault_10, uniq_blork_the_orc
D:7:      the_bakery, evilmike_ruin_ashenzari, uniq_joseph
D:8:      lemuel_crystal_altar, basic_altar, chequers_ossuary_entry_cave,
          uniq_erica
D:9:      kennysheep_little_box, orc_0_dummy
D:10:     grunt_lair_entry_orc_guard_hut, serial_shops, shop, serial_ice,
          serial_ice_i, serial_ice_n, serial_ice_b, serial_ice_h, serial_ice_g,
          serial_ice_c, serial_ice_d, serial_ice_f, lemuel_old_faithful
D:11:     minmay_opposing_rooms, serial_shops, shop
Orc:1:    serial_shops, shop, uniq_maurice
Orc:2:    st_orc_open, mines1_david

Skill      XL: |  1  2  3  4  5  6  7  8  9 10 11 12 |
---------------+-------------------------------------+-----
Armour         | 1 2 3 5 |  5.3
Dodging        | 2 3 5 |  5.1
Fighting       | 2 3 5 6 |  6.2
Long Blades    | 1 2 3 6 7 10 11 13 14 | 14.8
Evocations     | 6 8 10 | 10.0
Short Blades   | |  0.8
Stealth        | |  0.8

Action                   |  1- 3 |  4- 6 |  7- 9 | 10-12 || total
-------------------------+-------+-------+-------+-------++-------
Melee: Short sword       |   148 |   113 |    51 |       ||   312
       Headbutt          |     5 |    28 |    58 |   160 ||   251
       Long sword        |       |       |   225 |   392 ||   617
       Great sword       |       |       |       |   249 ||   249
Invok: Burn Spellbooks   |       |       |     1 |     1 ||     2
       Berserk           |       |       |       |     7 ||     7
Evoke: Wand              |       |    15 |    17 |    36 ||    68
  Use: Scroll            |       |       |    12 |    12 ||    24
       Potion            |       |       |     3 |       ||     3
 Stab: Sleeping          |     1 |     2 |     5 |       ||     8
       Paralysed         |       |       |     1 |       ||     1
       Confused          |       |       |     5 |     5 ||    10
       Distracted        |       |       |       |     3 ||     3
  Eat: Chunk             |     3 |     4 |    13 |    24 ||    44
       Pizza             |       |       |       |     1 ||     1
       Fruit             |       |       |       |     4 ||     4
       Royal jelly       |       |       |       |     1 ||     1
Armor: Leather armour    |    44 |    27 |    75 |   212 ||   358
Dodge: Dodged            |    96 |    78 |   145 |   382 ||   701
       Rpst.: Long sword |       |       |    26 |    43 ||    69
       Great sword       |       |       |       |    54 ||    54
